 Dungeon Crawl Stone Soup version 0.17.0-24-gcfadda4 (console) character file.

3 gw the Ruffian (level 1, 0/14 HPs)
             Began as a Gargoyle Monk on Nov 16, 2015.
             Slain by a hobgoblin
             ... wielding a +0 club
              (5 damage)
             ... on level 1 of the Dungeon.
             The game lasted 00:00:14 (202 turns).

gw the Ruffian (Gargoyle Monk)                       Turns: 202, Time: 00:00:15

Health: 0/14       AC:  4    Str: 12    XL:     1   Next: 50%
Magic:  1/1        EV: 12    Int: 10    God:
Gold:   9          SH:  0    Dex: 12    Spells: 0 memorised, 0 levels left

rFire  . . .     SeeInvis .       - Unarmed
rCold  . . .     Clarity  .     a - +0 robe
rNeg   + . .     SustAt   .     (no shield)
rPois  ∞         Gourm    .     (no helmet)
rElec  +         Spirit   .     (no cloak)
rCorr  .         Warding  .     (no gloves)
rMut   .         Stasis   .     (no boots)
MR     +....                    (no amulet)
Stlth  ++........               g - -2 ring of strength (curse)
                                c - ring of protection from magic

@: somewhat resistant to hostile enchantments, unstealthy
A: negative energy resistance 1, electricity resistance, unbreathing,
petrification resistance, rot immunity, AC +2
a: no special abilities


You were on level 1 of the Dungeon.
You were not hungry.

You visited 1 branch of the dungeon, and saw 1 of its levels.

You collected 9 gold pieces.

Inventory:

Armour
 a - a +0 robe (worn)
Jewellery
 c - a ring of protection from magic (left hand)
 g - a cursed -2 ring of strength (right hand)
Scrolls
 e - a scroll of recharging {unknown}
Potions
 d - a potion of curing {unknown}
 f - a potion of magic {unknown}
Comestibles
 b - a bread ration


   Skills:
 + Level 3.4 Fighting
 + Level 0.1 Throwing
 + Level 0.2 Armour
 - Level 2.4 Dodging
 - Level 2.1 Stealth
 * Level 4.0 Unarmed Combat


You couldn't memorise any spells.
You didn't know any spells.

Dungeon Overview and Level Annotations

Branches:
Dungeon (1/15)

Altars:


Innate Abilities, Weirdness & Mutations

You are resistant to torment.
Your stone body is resilient (AC +2).
You are immune to poison.
You resist negative energy.
You are resistant to electric shocks.
You can survive without breathing.
You are immune to petrification.
You are immune to rotting.


Message History

You hit the kobold but do no damage.
The kobold is heavily wounded.
The kobold barely misses you. The bat closely misses you.
ATTACKING (-1,-1)
You completely miss the kobold.
The kobold is heavily wounded.
The bat barely misses you. The kobold completely misses you.
ATTACKING (-1,-1)
You barely miss the kobold.
The kobold is heavily wounded.
The kobold hits you with a whip of venom.
ATTACKING (-1,-1)
You barely miss the kobold.
The kobold is heavily wounded.
The hobgoblin closely misses you. The kobold barely misses you.
ATTACKING (-1,-1)
You barely miss the kobold.
The kobold is heavily wounded.
The hobgoblin hits you with a club.
You die...

......
#...........#
......
#.........).#
###...#
............
#>..... ...........
#...... ..........
.#.........
.......b.
#.#......#..
......Kg#
#.#......... ##9###
#....#...... #....#
#....#...... #....#
#....###...#
#....###.#........
#....%...#.......
#....###.###...###.
#....# #...........
#....# #.####....#.
#....# #.####..%.##


You could see a hobgoblin, a bat and a kobold.

Table legend:
 A = Turns spent in this place as a percentage of turns spent in the entire game.
 B = Non-inter-level travel turns spent in this place as a percentage of non-inter-level travel turns spent in the entire game.
 C = Inter-level travel turns spent in this place as a percentage of turns spent in this place.
 D = Turns resting spent in this place as a percentage of non-inter-level travel turns spent in this place.
 E = Turns spent auto-exploring this place as a percentage of non-inter-level travel turns spent in this place.
 F = Non-inter-level travel turns spent in this place divided by the number of levels of this place that you've seen.
                   A       B       C       D       E      F
               +-------+-------+-------+-------+-------+----------------------
         Total | 100.0 | 100.0 |   0.0 |   0.0 |   3.7 | 535.0
       Dungeon | 100.0 | 100.0 |   0.0 |   0.0 |   3.7 | 535.0
               +-------+-------+-------+-------+-------+----------------------

Table legend:
 A = Kills in this place as a percentage of kills in entire the game.
 B = Kills by you in this place as a percentage of kills by you in the entire game.
 C = Kills by friends in this place as a percentage of kills by friends in the entire game.
 D = Other kills in this place as a percentage of other kills in the entire game.
 E = Experience gained in this place as a percentage of experience gained in the entire game.
 F = Experience gained in this place divided by the number of levels of this place that you have seen.
                   A       B       C       D       E      F
               +-------+-------+-------+-------+-------+----------------------
         Total | 100.0 | 100.0 |  -nan |  -nan | 100.0 |   5.0
       Dungeon | 100.0 | 100.0 |  -nan |  -nan | 100.0 |   5.0
               +-------+-------+-------+-------+-------+----------------------

Vanquished Creatures
  A goblin (D:1)
  A giant newt (D:1)
  A kobold (D:1)
  A rat (D:1)
4 creatures vanquished.

Notes
Turn   | Place    | Note
--------------------------------------------------------------
     0 | D:1      | gw the Gargoyle Monk began the quest for the Orb.
     0 | D:1      | Reached XP level 1. HP: 14/14 MP: 1/1
   202 | D:1      | Slain by a hobgoblin

Action                   || total
-------------------------++-------
Melee: Unarmed           ||    19
 Stab: Sleeping          ||     1

Vault maps used:
D:1:      minmay_arrival_open_corners
